 Dungeon Crawl Stone Soup version 0.31.0-1-g2c135a008e (webtiles) character file.

Game seed: 12556331474621275617

85 qw the Shooter (level 4, -1/35 HPs)
             Began as a Djinni Hunter on Jan 23, 2024.
             Slain by a gnoll
             ... wielding a +0 club
              (7 damage)
             ... on level 3 of the Dungeon.
             The game lasted 00:00:05 (1317 turns).

qw the Shooter (Djinni Hunter)                      Turns: 1317, Time: 00:00:06

Health: -1/35      AC:  3    Str: 10    XL:     4   Next: 75%
Gold:   95         EV: 11    Int: 11    God:
                   SH:  0    Dex: 18

rFire   + + .        a - +2 shortbow
rCold   x . .        (shield currently unavailable)
rNeg    . . .        f - +0 ring mail
rPois   inf          (helmet restricted)
rElec   .            e - +0 cloak
rCorr   .            (no gloves)
SInv    .            (boots unavailable)
Will    +....        (no amulet)
Stlth   +            d - ring of willpower
HPRegen 0.25/turn    (no ring)
MPRegen 0.00/turn

%: infuse magic (-2 HP)
@: about to teleport, flying
A: sickness immunity, fire resistance 2, cold vulnerability 1, float, innate
caster, HP casting, extra vitality 1, horns 2, deformed body
a: no special abilities


You were on level 3 of the Dungeon.
You visited 1 branch of the dungeon, and saw 3 of its levels.

You collected 95 gold pieces.


Innate Abilities, Weirdness & Mutations

You are immune to sickness and miasma.
You are immune to poison.
Your flesh is very heat resistant. (rF++)
You are vulnerable to cold. (rC-)
You float through the air rather than walking.
You learn spells naturally, not from books.
Your magical power is your life essence.
You have superior vitality. (+4 MHP)
You have a pair of horns on your head.
Armour fits poorly on your strangely shaped body.


   Skills:
 - Level 3.0 Fighting
 + Level 4.2 Ranged Weapons
 - Level 1.1 Armour
 - Level 2.1 Dodging
 - Level 0.7 Stealth


You knew the following spells:

 Your Spells              Type           Power      Damage    Failure   Level
a - Foxfire               Conj/Fire      0%         2x1d4     65%         1
Your spell library was empty.

Inventory:

Hand Weapons
 a - a +2 shortbow (weapon)
Armour
 e - a +0 cloak (worn)
 f - a +0 ring mail (worn)
Jewellery
 d - a ring of willpower (left hand)
Scrolls
 h - a scroll of teleportation
Potions
 g - 2 potions of curing {unknown}

Dungeon Overview and Level Annotations

Branches:
Dungeon (3/15)

Altars:
Cheibriados
Qazlal


Message History

You shoot an arrow. The arrow hits the hobgoblin.
You kill the hobgoblin!
1305 ||| RETREEEEATING.
You shoot an arrow. The arrow hits the gnoll!
The gnoll is severely wounded.
The gnoll hits you with a +0 club.
Enter note:
1307 ||| RETREEEEATING.
You shoot an arrow. The arrow hits the gnoll!
You kill the gnoll!
The gnoll hits you with a +0 flail!
You shoot an arrow. The arrow barely misses the gnoll.
The arrow completely misses the gnoll.
The arrow hits the gnoll.
The gnoll is lightly wounded.
The gnoll hits you with a +0 flail.
You shoot an arrow.
The arrow hits the gnoll but does no damage.
The gnoll hits you with a +0 flail.
You shoot an arrow. The arrow hits the gnoll!
The gnoll is severely wounded.
The gnoll hits you with a +0 flail. The gnoll barely misses you.
You shoot an arrow. The arrow hits the gnoll.
The gnoll is severely wounded.
The gnoll hits you with a +0 flail.
You shoot an arrow. The arrow barely misses the gnoll. x2
The gnoll closely misses you.
You shoot an arrow. The arrow hits the gnoll!
You kill the gnoll!
The gnoll hits you with a +0 club.
You shoot an arrow. The arrow hits the gnoll!
The gnoll is heavily wounded.
The gnoll hits you with a +0 club!
1316 ||| READING 2 scrolls of teleportation.
As you read the scroll of teleportation, it crumbles to dust.
You feel strangely unstable. The gnoll barely misses you.
You shoot an arrow. The arrow hits the gnoll.
The gnoll is severely wounded.
The gnoll hits you with a +0 club!
You die...

##### ####...###
## #.@gg..=.#
.#######
#.###.##.#
.......########.#
.#
######..........#
gg ########.###
... #..+ }...
#### ..### ..#


You could see 2 gnolls.

Vanquished Creatures
  2 gnolls (D:3)
  2 adders
  A ribbon worm (D:3)
  2 dart slugs (D:1)
  3 ball pythons (D:1)
  6 endoplasms
  A giant cockroach (D:2)
  6 goblins
  4 hobgoblins
  4 kobolds
  A quokka (D:2)
  2 bats
  3 frilled lizards
  3 rats (D:2)
40 creatures vanquished.

Notes
Turn   | Place    | Note
-------+----------+-------------------------------------------
     0 | D:1      | qw the Djinni Hunter began the quest for the Orb.
     0 | D:1      | Reached XP level 1. HP: 18/18 MP: 0/0
     0 | D:1      | 0 ||| qw: Version: 0.3-a-134-g2ba4250
     0 | D:1      | 0 ||| qw: Game counter: 699
     0 | D:1      | 0 ||| qw: Melee chars always use a shield: true
     0 | D:1      | 0 ||| qw: God list: Okawaru
     0 | D:1      | 0 ||| qw: Allow faded altars: false
     0 | D:1      | 0 ||| qw: Do Orc after clearing Dungeon:15 true
     0 | D:1      | 0 ||| qw: Do second Lair branch before Depths: true
     0 | D:1      | 0 ||| qw: Lair rune preference: random
     0 | D:1      | 0 ||| qw: Goals: Normal
     0 | D:1      | 0 ||| PLANNING D:1-11
   136 | D:1      | Reached XP level 2. HP: 23/23 MP: 0/0
   418 | D:1      | Reached skill level 4 in Ranged Weapons
   418 | D:1      | Reached XP level 3. HP: 28/28 MP: 0/0
   418 | D:1      | Learned a level 1 spell: Foxfire
   636 | D:1      | 636 ||| UPGRADING to +0 cloak.
   641 | D:1      | 641 ||| READING 2 scrolls labelled TOLOPN REYFFO.
   641 | D:1      | 641 ||| IDENTIFYING inky potion
   642 | D:1      | 642 ||| DRINKING potion of mutation.
   642 | D:1      | Gained mutation: Armour fits poorly on your strangely
                  | shaped body. [potion of mutation]
   642 | D:1      | Gained mutation: You have a pair of small horns on your
                  | head. [potion of mutation]
   642 | D:1      | Gained mutation: You have a pair of horns on your head.
                  | [potion of mutation]
   643 | D:1      | 643 ||| READING scroll of identify.
   643 | D:1      | 643 ||| IDENTIFYING scroll labelled SEUXES ZAGHUSU
   644 | D:1      | 644 ||| READING 2 scrolls labelled VAYPHA QOG PAENN.
   648 | D:1      | 648 ||| DROPPING scroll of butterflies.
   649 | D:1      | 649 ||| DROPPING scroll of poison.
   936 | D:2      | Reached XP level 4. HP: 29/34 MP: 0/0
   997 | D:2      | Reached skill level 3 in Fighting
  1062 | D:2      | 1062 ||| UPGRADING to +0 ring mail.
  1072 | D:2      | 1072 ||| DROPPING +0 leather armour.
  1073 | D:2      | 1073 ||| UPGRADING to ring of willpower.
  1074 | D:2      | 1074 ||| READING scroll labelled COLUBBEESH.
  1074 | D:2      | 1074 ||| ENCHANTING +0 shortbow.
  1144 | D:3      | Found a snail-covered altar of Cheibriados.
  1166 | D:3      | Reached skill level 1 in Armour
  1220 | D:3      | Found a stormy altar of Qazlal.
  1234 | D:3      | 1234 ||| READING scroll of enchant weapon.
  1234 | D:3      | 1234 ||| ENCHANTING +1 shortbow.
  1302 | D:3      | 1302 ||| RETREEEEATING.
  1305 | D:3      | 1305 ||| RETREEEEATING.
  1307 | D:3      | 1307 ||| RETREEEEATING.
  1315 | D:3      | HP: 5/35 [gnoll/+0 club (8)]
  1316 | D:3      | 1316 ||| READING 2 scrolls of teleportation.
  1317 | D:3      | Slain by a gnoll

Levels and vault maps discovered:
D:1:      nzn_arrival_crosshair, layout_loops_ring
D:2:      layout_rooms
D:3:      layout_loops_ring, slow_altar_1, grunt_qazlal_sundering,
          grunt_ministairs_15

Skill      XL: |  1  2  3  4 |
---------------+-------------+-----
Ranged Weapons | 4 |  4.2
Fighting       | 3 |  3.0
Armour         | 1 |  1.1
Dodging        | |  2.1
Stealth        | |  0.7

Action                     |  1- 3 |  4- 6 || total
---------------------------+-------+-------++-------
   Fire: Shortbow          |    79 |    39 ||   118
    Use: Scroll            |     3 |     3 ||     6
         Potion            |     1 |       ||     1
 Armour: Leather armour    |    11 |       ||    11
         Ring mail         |       |    19 ||    19
  Dodge: Dodged            |    12 |    19 ||    31

Table legend:
 A = Non-vault XP
 B = Vault XP
 C = Vault XP percentage of total XP
 D = Non-vault monster count
 E = Vault monster count
 F = Vault count percentage of total count
                 A         B        C        D         E       F
            +---------+---------+-------+---------+---------+-------
      Total |      87 |      35 |  28.7 |      37 |       3 |   7.5
            +---------+---------+-------+---------+---------+-------
        D:1 |      39 |       0 |   0.0 |      20 |       0 |   0.0
        D:2 |      32 |       0 |   0.0 |      14 |       0 |   0.0
        D:3 |      16 |      35 |  68.6 |       3 |       3 |  50.0
            +---------+---------+-------+---------+---------+-------
